 Dungeon Crawl Stone Soup version 0.18.1-48-g4cf74bf (webtiles) character file.

15583 theElss the Destroyer (level 12, -1/66 HPs)
             Began as a High Elf Conjurer on July 14, 2016.
             Was an Elder of Vehumet.
             Slain by a komodo dragon (14 damage)
             ... on level 2 of the Lair of Beasts.
             The game lasted 01:26:24 (18639 turns).

theElss the Destroyer (High Elf Conjurer)          Turns: 18639, Time: 01:26:27

Health: -1/66      AC: 11    Str: 14    XL:     12   Next: 2%
Magic:  21/29      EV: 15    Int: 22    God:    Vehumet [****..]
Gold:   217        SH:  4    Dex: 17    Spells: 6 memorised, 16 levels left

rFire  + . .     SeeInvis .     b - +1 war axe "Xudgh" {flame, rElec rPois rC+}
rCold  + . .     Gourm    .     H - +3 leather armour {rF+}
rNeg   . . .     Faith    .     (no shield)
rPois  +         Spirit   .     e - +0 helmet
rElec  +         Dismiss  .     D - +2 cloak
rCorr  .         Reflect  +     (no gloves)
SustAt .         Harm     .     (no boots)
MR     +....                    m - +4 amulet of reflection
Stlth  ++........               i - ring of wizardry
                                p - +5 ring of strength

@: somewhat resistant to hostile enchantments, unstealthy
A: no striking features
a: Renounce Religion


You were on level 2 of the Lair of Beasts.
You worshipped Vehumet.
Vehumet was greatly pleased with you.
You were not hungry.

You visited 2 branches of the dungeon, and saw 14 of its levels.

You collected 879 gold pieces.
You spent 662 gold pieces at shops.

Inventory:

Hand Weapons
 b - the +1 war axe "Xudgh" (weapon) {flame, rElec rPois rC+}
   (You found it on level 1 of the Lair of Beasts)

   It has been specially enchanted to burn those struck by it, causing extra
   injury to most foes and up to half again as much damage against particularly
   susceptible opponents.
   Big, fiery blades are also staple armaments of hydra-hunters.
   It protects you from cold.
   It insulates you from electricity.
   It protects you from poison.
Armour
 e - a +0 helmet (worn)
 D - a +2 cloak (worn)
 H - a +3 leather armour of fire resistance (worn)
Jewellery
 i - a ring of wizardry (right hand)
 m - a +4 amulet of reflection (around neck)
 p - a +5 ring of strength (left hand)
 y - an uncursed ring of fire
 F - an uncursed ring of sustain attributes
 T - an uncursed ring of poison resistance
 Z - an uncursed ring of flight
Wands
 a - a wand of paralysis (5/24)
 C - a wand of flame (36/48)
 J - a wand of digging (10/24)
 S - a wand of acid (7/15)
 U - a wand of lightning (5/15)
Scrolls
 k - 4 scrolls of fog
 n - 4 scrolls of magic mapping
 o - 4 scrolls of blinking
 z - 2 scrolls of remove curse
 B - 2 scrolls of teleportation
 E - a scroll of vulnerability {unknown}
 O - a scroll of amnesia {unknown}
 P - a scroll of fear
Potions
 g - a potion of cancellation
 h - 4 potions of flight
 j - 3 potions of brilliance
 s - 3 potions of haste
 v - 3 potions of curing
 R - a potion of invisibility {unknown}
 V - 2 potions of resistance {unknown}
 W - 4 potions of heal wounds
 X - a potion of magic
Comestibles
 c - 5 bread rations
 f - 6 meat rations


   Skills:
   Level 0.5 Long Blades
 + Level 6.0 Armour
 - Level 5.0 Dodging
 - Level 2.1 Stealth
 - Level 12.2 Spellcasting
 - Level 13.0 Conjurations
 - Level 1.0 Charms
 * Level 8.0 Fire Magic


You had 16 spell levels left.
You knew the following spells:

 Your Spells              Type           Power        Failure   Level  Hunger
a - Magic Dart            Conj           ####         1%          1    None
b - Iskenderun's Battles  Conj/Chrm      #####...     1%          5    ####...
c - Searing Ray           Conj           ######       1%          2    None
d - Iskenderun's Mystic   Conj           ######..     1%          4    None
e - Fulminant Prism       Conj/Hex       #####.....   1%          4    None
f - Ignite Poison         Fire/Trmt/Pois ####....     1%          3    None


Dungeon Overview and Level Annotations

Branches:
Dungeon (11/15)            Temple (0/1) D:6            Lair (3/8) D:8
    Orc (0/2) D:10
  Swamp: Lair:3-6    Shoals: Lair:3-6     Snake: Lair:3-6    Spider: Lair:3-6

Altars:
Cheibriados
Fedhas
Makhleb
Okawaru
Ru
Sif Muna
Trog
Vehumet
Yredelemnul
The Shining One

Shops:
D:4 ?!}   D:5 =   D:10 (   D:11 !

Annotations:
D:3 TBriggs11TB's ghost, amateur MiFi
D:5 Grinder
Lair:2 exclusion: oklob plant


Message History

There is a stone staircase leading down here.
The komodo dragon misses you.
Casting: Magic Dart
Confirm with . or Enter, or press ? or * to list all spells.
You conjure a globe of magical energy.
You are starving!
The komodo dragon misses you.
Unknown command.
You don't have the energy to cast that spell.
Eat which item? (? for menu, Esc to quit)
Okay, then.
You closely miss the komodo dragon. The komodo dragon closely misses you.
Eat which item? (? for menu, Esc to quit)
The komodo dragon bites you!!
You continue eating.
The komodo dragon bites you!
* * * LOW HITPOINT WARNING * * *
You continue eating.
The komodo dragon bites you!
You die...

.............<.....###.###..#
.......##...P.P....P#...#...#
#.....#.##.###P...........#.#
.......###..##..............##
#.....###...#...≈≈.......##.P#
#.....# #....≈≈≈≈≈≈≈........##
.#....###....≈≈≈≈≈≈≈≈....##.##
......P##.#.≈≈≈≈≈≈≈≈≈..#.#P..#
...##..##.P.≈≈≈.@.≈≈≈≈##.#..##
....(.###..≈≈≈≈.l*≈≈≈.......#
...8........≈≈≈≈.≈≈≈≈.......#
....+.......≈≈≈≈≈≈≈≈≈.......#
...##.......≈≈≈≈≈≈≈≈≈.......##
..#..........≈≈≈≈≈≈...=#.....#
.##...........≈≈≈≈...#.#....##
#...#.PP.##..P.........##...#
#.................#....#....#


You could see a komodo dragon and a friendly battlesphere.

Vanquished Creatures
  Gastronok (Lair:1)
  A hydra (Lair:1)
  Pikel (D:9)
  2 spiny frogs
  A rime drake (Lair:1)
  3 komodo dragons
  A queen bee (D:11)
  2 trolls
  Prince Ribbit (D:9)
  2 two-headed ogres (D:9)
  3 blink frogs (Lair:1)
  Sigmund (D:4)
  5 yaks (D:9)
  Menkaure (D:6)
  4 hippogriffs
  A hungry ghost (D:10)
  Edmund (D:6)
  2 soldier ants (D:9)
  The ghost of raph the Chiller, an amateur HEIE (D:5)
  2 water moccasins (Lair:1)
  Duvessa (D:5)
  4 porcupines
  An ice beast (D:9)
  4 orc warriors
  3 sky beasts
  7 ogres
  An eye of draining (D:8)
  3 wasps
  3 centaurs
  8 crocodiles
  3 big kobolds
  6 giant frogs
  2 gnoll sergeants (D:10)
  Dowan (D:5)
  27 killer bees
  A howler monkey (D:11)
  5 wights
  A crimson imp (D:5)
  A giant frog zombie (D:10)
  3 quasits
  5 giant frog skeletons
  7 hounds
  3 jellies
  4 orc priests
  4 orc wizards
  2 centaur skeletons
  5 iguanas
  7 worker ants
  6 sheep (Lair:1)
  2 hound zombies
  Robin (D:3)
  A howler monkey skeleton (D:10)
  15 gnolls
  16 adders
  2 shadow imps
  7 worms
  3 dart slugs
  9 giant geckos
  27 orcs
  4 giant cockroaches
  23 goblins
  6 hobgoblins
  9 jackals
  7 quokkas
  A ball python (D:3)
  10 bats
  A giant gecko skeleton (D:5)
  5 giant newts
  2 goblin zombies (D:7)
  3 hobgoblin zombies (D:7)
  15 kobolds
  2 kobold skeletons (D:7)
  An orc zombie (D:7)
  9 rats
345 creatures vanquished.

Vanquished Creatures (others)
  4 slaves
  A killer bee (D:11)
  An orc priest (D:9)
  An adder zombie (D:9)
  An orc (D:9)
  A fungus (Lair:1)
  2 plants (D:8)
  4 toadstools (D:1)
15 creatures vanquished.

Grand Total: 360 creatures vanquished

Notes
Turn   | Place    | Note
--------------------------------------------------------------
     0 | D:1      | theElss the High Elf Conjurer began the quest for the Orb.
     0 | D:1      | Reached XP level 1. HP: 11/11 MP: 4/4
   355 | D:1      | Reached XP level 2. HP: 17/17 MP: 0/6
   359 | D:1      | Learned a level 2 spell: Searing Ray
   410 | D:1      | Reached skill level 5 in Conjurations
  1003 | D:2      | Reached XP level 3. HP: 21/21 MP: 3/7
  1480 | D:2      | Reached XP level 4. HP: 17/27 MP: 4/9
  1701 | D:2      | Reached skill level 6 in Conjurations
  1968 | D:2      | Found a deep blue altar of Sif Muna.
  2164 | D:2      | Learned a level 4 spell: Iskenderun's Mystic Blast
  2463 | D:3      | Noticed Robin
  2630 | D:2      | Reached XP level 5. HP: 23/31 MP: 1/10
  2851 | D:3      | Killed Robin
  3205 | D:3      | Found a faded altar to an unknown god.
  3382 | D:3      | Noticed TBriggs11TB's ghost (amateur MiFi)
  4568 | D:4      | Found Inkas's Distillery.
  4620 | D:4      | Bought a potion of degeneration for 14 gold pieces
  4620 | D:4      | Bought a potion of flight for 42 gold pieces
  4620 | D:4      | Bought a potion of curing for 42 gold pieces
  4620 | D:4      | Bought a potion of curing for 42 gold pieces
  4624 | D:4      | Found Xabiurphadu's Magic Scroll Boutique.
  4643 | D:4      | Noticed Sigmund
  4733 | D:4      | Noticed an ogre
  4754 | D:4      | Killed an ogre
  4754 | D:4      | Reached skill level 7 in Conjurations
  4754 | D:4      | Reached XP level 6. HP: 36/36 MP: 3/13
  4882 | D:4      | Found a sacrificial altar of Ru.
  5329 | D:4      | Found Bemen's Gadget Shop.
  5336 | D:4      | Learned a level 5 spell: Iskenderun's Battlesphere
  5366 | D:4      | You fall through a shaft for 2 floors!
  5374 | D:6      | Reached XP level 7. HP: 40/41 MP: 6/14
  5465 | D:5      | Entered Level 5 of the Dungeon
  5632 | D:4      | Bought a scroll of teleportation for 42 gold pieces
  5986 | D:5      | Noticed raph's ghost (amateur HEIE)
  6307 | D:5      | Reached skill level 5 in Spellcasting
  6488 | D:5      | Noticed Duvessa
  6686 | D:5      | Noticed Grinder
  6823 | D:6      | Reached skill level 8 in Conjurations
  6912 | D:6      | Found a radiant altar of Vehumet.
  6921 | D:6      | Became a worshipper of Vehumet
  6984 | D:6      | Found a staircase to the Ecumenical Temple.
  7011 | D:6      | Noticed Edmund
  7355 | D:5      | Noticed Dowan
  7389 | D:5      | Killed Dowan
  7573 | D:5      | Killed Duvessa
  7573 | D:5      | Reached skill level 5 in Dodging
  7669 | D:5      | Killed raph's ghost
  7669 | D:5      | Reached XP level 8. HP: 46/46 MP: 4/18
  7775 | D:5      | Learned a level 4 spell: Fulminant Prism
  7785 | D:5      | Found Ytioch's Jewellery Shop.
  7821 | D:5      | Paralysed by Grinder for 7 turns
  8073 | D:6      | Noticed Menkaure
  8078 | D:6      | Killed Menkaure
  8253 | D:6      | Found a burning altar of Makhleb.
  8265 | D:6      | Killed Edmund
  8265 | D:6      | Reached skill level 9 in Conjurations
  8871 | D:7      | Got a twisted falchion
  8883 | D:7      | Identified the cursed +0 falchion "Ogioz" {freeze, rC+} (You found it on level 7 of the Dungeon)
  9136 | D:7      | Reached * piety under Vehumet
  9136 | D:7      | Offered knowledge of Sting by Vehumet.
  9261 | D:7      | Found a glowing golden altar of the Shining One.
  9534 | D:4      | Bought a scroll of blinking for 105 gold pieces
  9534 | D:4      | Bought a scroll of enchant armour for 105 gold pieces
  9552 | D:4      | Killed Sigmund
  9552 | D:4      | Reached skill level 10 in Conjurations
  9552 | D:4      | Reached XP level 9. HP: 51/51 MP: 15/22
 10358 | D:8      | Found a staircase to the Lair.
 10361 | D:8      | Noticed a komodo dragon
 10685 | D:8      | Killed a komodo dragon
 11135 | D:8      | Reached skill level 11 in Conjurations
 11424 | D:9      | Reached ** piety under Vehumet
 11424 | D:9      | Offered knowledge of Freeze by Vehumet.
 11465 | D:9      | Noticed Pikel
 11471 | D:9      | Killed Pikel
 11471 | D:9      | Reached skill level 10 in Spellcasting
 11987 | D:9      | Noticed Prince Ribbit
 11990 | D:9      | Killed Prince Ribbit
 11990 | D:9      | Reached XP level 10. HP: 56/56 MP: 14/25
 12226 | D:9      | Reached skill level 12 in Conjurations
 12858 | D:9      | Offered knowledge of Ignite Poison by Vehumet.
 12863 | D:9      | Learned a level 3 spell: Ignite Poison
 13093 | D:9      | Found a basalt altar of Yredelemnul.
 13095 | D:9      | Found an iron altar of Okawaru.
 13095 | D:9      | Found a bloodstained altar of Trog.
 13115 | D:10     | Entered Level 10 of the Dungeon
 13378 | D:10     | Noticed a hill giant
 13560 | D:10     | Reached *** piety under Vehumet
 13627 | D:10     | Reached skill level 13 in Conjurations
 13747 | D:10     | Reached skill level 1 in Charms
 13800 | D:10     | Found a staircase to the Orcish Mines.
 13900 | D:10     | Found Feh Yhis's Antique Weapon Boutique.
 13989 | D:10     | Reached skill level 1 in Fire Magic
 14043 | D:10     | Reached skill level 1 in Armour
 14044 | D:10     | Offered knowledge of Inner Flame by Vehumet.
 14212 | D:10     | Reached XP level 11. HP: 45/61 MP: 18/28
 15049 | D:11     | Reached **** piety under Vehumet
 15305 | D:11     | Found Xuocun Mich's Distillery.
 15308 | D:11     | Bought a potion of heal wounds for 75 gold pieces
 15308 | D:11     | Bought a potion of magic for 120 gold pieces
 15308 | D:11     | Bought a potion of heal wounds for 75 gold pieces
 15609 | D:11     | Offered knowledge of Conjure Flame by Vehumet.
 16292 | Lair:1   | Entered Level 1 of the Lair of Beasts
 16292 | Lair:1   | Noticed Gastronok
 16299 | Lair:1   | Killed Gastronok
 16466 | Lair:1   | Noticed a six-headed hydra
 16472 | Lair:1   | Killed a six-headed hydra
 16856 | Lair:1   | Reached skill level 5 in Armour
 17360 | Lair:1   | Got a translucent war axe
 17361 | Lair:1   | Identified the +1 war axe "Xudgh" {flame, rElec rPois rC+} (You found it on level 1 of the Lair of Beasts)
 17590 | Lair:2   | Identified a scroll of acquirement
 17898 | Lair:2   | Found a snail-covered altar of Cheibriados.
 18214 | Lair:2   | Found a blossoming altar of Fedhas.
 18225 | Lair:2   | Noticed an oklob plant
 18335 | Lair:2   | Reached XP level 12. HP: 66/66 MP: 24/29
 18628 | Lair:3   | Noticed a death yak
 18632 | Lair:3   | Noticed a catoblepas
 18632 | Lair:3   | Noticed a death yak
 18633 | Lair:3   | Noticed a death yak
 18639 | Lair:2   | Slain by a komodo dragon

Skill      XL: |  1  2  3  4  5  6  7  8  9 10 11 |
---------------+----------------------------------+-----
Conjurations   | 5 6 7 8 10 11 13 | 13.0
Dodging        | 3 4 5 |  5.0
Spellcasting   | 4 6 8 10 12 | 12.2
Charms         | 1 |  1.0
Fire Magic     | 1 8 |  8.0
Armour         | 1 6 |  6.0
Long Blades    | |  0.5
Stealth        | |  2.1

Action                   |  1- 3 |  4- 6 |  7- 9 | 10-12 || total
-------------------------+-------+-------+-------+-------++-------
Melee: Unarmed           |     1 |       |       |       ||     1
       Falchion          |       |       |       |    16 ||    16
       War axe           |       |       |       |     1 ||     1
 Cast: Magic Dart        |    53 |   107 |   177 |   218 ||   555
       Searing Ray       |     2 |    17 |    51 |    50 ||   120
       Iskenderun's Myst |       |     9 |    46 |    60 ||   115
       Iskenderun's Batt |       |       |     1 |    37 ||    38
       Ignite Poison     |       |       |       |     3 ||     3
  Use: Scroll            |       |     6 |     7 |     7 ||    20
  Eat: Chunk             |     2 |    14 |    21 |    23 ||    60
       Beef jerky        |       |       |     1 |       ||     1
       Royal jelly       |       |       |     1 |       ||     1
       Fruit             |       |       |       |     2 ||     2
       Meat ration       |       |       |       |     1 ||     1
Armor: Robe              |     1 |     6 |     8 |       ||    15
       Leather armour    |       |       |    15 |    49 ||    64
Dodge: Dodged            |     5 |    46 |    70 |   149 ||   270
Block: Other             |     1 |     5 |    16 |    30 ||    52
       Reflection        |       |     2 |       |       ||     2
